 Dungeon Crawl Stone Soup version 0.20-a0-738-gb057e68 (webtiles) character file.

282 nono the Skirmisher (level 6, -2/33 HPs)
             Began as a Vine Stalker Arcane Marksman on Feb 23, 2017.
             Slain by Terence
             ... wielding a +2 short sword of electrocution
              (8 damage)
             ... on level 3 of the Dungeon.
             The game lasted 00:08:38 (3124 turns).

nono the Skirmisher (Vine Stalker Arcane Marksman)  Turns: 3124, Time: 00:08:39

Health: -2/33      AC:  7    Str: 15    XL:     6   Next: 28%
Magic:  0/8        EV: 12    Int: 13    God:
Gold:   121        SH:  0    Dex: 14    Spells: 6/7 levels left

rFire    . . .     SeeInvis .   j - +0 dagger
rCold    . . .     Gourm    +   w - +3 leather armour {rN+}
rNeg     + . .     Faith    .   (no shield)
rPois    .         Spirit   +   (no helmet)
rElec    .         Reflect  .   (no cloak)
rCorr    .         Harm     .   (no gloves)
MR       .....                  (no boots)
Stlth    +.........             v - amulet of the gourmand
Regen    0.6/turn               (no ring)
MPRegen  0.2/turn               k - +1 ring of protection

@: no status effects
A: fangs 2, regeneration 1, magic shield, antimagic bite, no potion heal 3, rot
immunity
a: no special abilities


You were on level 3 of the Dungeon.
You were hungry.

You visited 1 branch of the dungeon, and saw 3 of its levels.

You collected 121 gold pieces.

Inventory:

Hand Weapons
 j - a +0 dagger (weapon)
Missiles
 l - 59 stones
 o - 6 tomahawks
 s - 2 javelins (quivered)
Armour
 a - a +0 robe
 r - a +0 leather armour
 w - a +3 leather armour of positive energy (worn)
Jewellery
 k - a +1 ring of protection (left hand)
 v - an amulet of the gourmand (around neck)
 y - an uncursed ring of fire
Scrolls
 d - a scroll of blinking {unknown}
 e - 3 scrolls of identify {unknown}
 m - a scroll of fear {unknown}
 n - a scroll of fog {unknown}
 q - a scroll of teleportation {unknown}
 t - a scroll of remove curse {unknown}
 x - a scroll of amnesia {unknown}
Potions
 c - a potion of ambrosia {unknown}
 h - a potion of curing {unknown}
 i - 2 potions of degeneration {unknown}
 p - 2 potions of resistance {unknown}
 u - a potion of flight {unknown}
Books
 b - a book of Debilitation

   Spells                             Type                      Level
   a - Corona                         Hexes                        1
   b - Slow                           Hexes                        2
   c - Inner Flame                    Hexes/Fire                   3
   d - Portal Projectile              Hexes/Translocation          3
   e - Cause Fear                     Hexes                        4
   f - Leda's Liquefaction            Hexes/Earth                  4
Comestibles
 f - 3 bread rations
 g - 6 meat rations


   Skills:
 + Level 3.8 Fighting
 + Level 3.6 Short Blades
 - Level 1.7 Throwing
 - Level 1.5 Dodging
 - Level 0.8 Unarmed Combat
 - Level 1.1 Spellcasting
 - Level 3.0 Hexes


You had 6 spell levels left.
You knew the following spells:

 Your Spells              Type           Power        Failure   Level  Hunger
a - Corona                Hex            #......      12%         1    ##.....


Dungeon Overview and Level Annotations

Branches:
Dungeon (3/15)

Altars:
Makhleb
Qazlal
Ru
The Shining One

Annotations:
D:2 1 runed door, exclusion: door
D:3 Terence


Innate Abilities, Weirdness & Mutations

You have extremely sharp teeth.
Your natural rate of healing is unusually fast.
When hurt, damage is shared between your health and your magic reserves.
Your bite disrupts and absorbs the magic of your enemies.
Potions cannot restore your health.
You are immune to rotting.


Message History

Terence is heavily wounded.
Terence hits you but does no damage.
You completely miss Terence. You bite Terence. You drain his power.
Terence is heavily wounded.
Terence hits you with a short sword of electrocution.
You are electrocuted!
* * * LOW HITPOINT WARNING * * *
You aren't carrying any items that you can evoke.
Throwing (i - inventory. (,) - cycle):
s - 3 javelins (quivered)
Press: ? - help, Shift-Dir - straight line, f - Terence
Aim: Terence, wielding a short sword of electrocution and wearing a scale mail (heavily wounded)
Okay, then.
Throwing (i - inventory. (,) - cycle):
s - 3 javelins (quivered)
Press: ? - help, Shift-Dir - straight line, f - Terence
Aim: Terence, wielding a short sword of electrocution and wearing a scale mail (heavily wounded)
You throw a javelin. The javelin closely misses Terence.
Terence hits you with a short sword of electrocution.
* * * LOW HITPOINT WARNING * * *
You are electrocuted!
You die...

...........>.........#
##.####.###..........#
#.# #.# #.########## #.#
#.# #.# #.# #.# #.# ####
#.# #.###.#######...###
#.# #.#.......#E#...#E#
#.# #.#.......###...###
#.####.#.......@@.....(.
#...............).._....
######.#................
#.#.......###...###
#.#.......#E#...#E#
#.#.......###...###
#.#......... ....#
#.#..............#
#.#.......... ..


You could see an earth elemental, a water elemental, a fire elemental, an air
elemental and Terence.

Vanquished Creatures
  Sigmund (D:3)
  Ijyb (D:2)
  Robin (D:2)
  An adder (D:2)
  An ooze (D:1)
  2 worms
  A dart slug (D:1)
  3 orcs (D:3)
  2 giant cockroaches
  16 goblins
  8 hobgoblins
  6 kobolds
  6 quokkas
  9 bats
  3 frilled lizards
  3 rats
64 creatures vanquished.

Notes
Turn   | Place    | Note
-------+----------+-------------------------------------------
     0 | D:1      | nono the Vine Stalker Arcane Marksman began the quest for the Orb.
     0 | D:1      | Reached XP level 1. HP: 9/9 MP: 3/3
   415 | D:1      | Reached skill level 1 in Fighting
   502 | D:1      | Reached XP level 2. HP: 4/14 MP: 2/4
   833 | D:1      | Reached skill level 1 in Short Blades
  1243 | D:1      | Found a glowing golden altar of the Shining One.
  1409 | D:2      | Found a burning altar of Makhleb.
  1409 | D:2      | Found a sacrificial altar of Ru.
  1415 | D:2      | Reached XP level 3. HP: 17/18 MP: 5/5
  1916 | D:2      | Noticed Robin
  1927 | D:2      | Killed Robin
  2092 | D:1      | Gained mutation: Your natural rate of healing is unusually fast. [Vine Stalker growth]
  2092 | D:1      | Reached XP level 4. HP: 19/23 MP: 6/6
  2277 | D:2      | Found a runed door.
  2517 | D:2      | Found a faded altar of an unknown god.
  2558 | D:2      | Noticed Ijyb
  2637 | D:2      | Killed Ijyb
  2877 | D:3      | Noticed Sigmund
  2896 | D:3      | Killed Sigmund
  2896 | D:3      | Reached XP level 5. HP: 21/29 MP: 7/7
  2896 | D:3      | Reached XP level 6. HP: 23/33 MP: 8/8
  3102 | D:3      | Noticed an air elemental
  3104 | D:3      | Found a stormy altar of Qazlal.
  3105 | D:3      | Noticed Terence
  3106 | D:3      | Noticed a water elemental
  3107 | D:3      | Noticed a fire elemental
  3124 | D:3      | Slain by Terence

Vault maps used:
D:1:      dpeg_arrival_tiny_f, tso_altar
D:2:      grunt_temple_overflow_open, chequers_ecumenical_altar_simple_redux,
          uniq_iyjb, uniq_robin, uniq_crazy_yiuf_cottage
D:3:      first_bread, nicolae_qazlal_style_of_elements, uniq_terence,
          uniq_sigmund

Skill      XL: |  1  2  3  4 |
---------------+-------------+-----
Fighting       | 1 2 3 |  3.8
Short Blades   | 1 3 |  3.6
Throwing       | |  1.7
Dodging        | |  1.5
Unarmed Combat | |  0.8
Spellcasting   | |  1.1
Hexes          | |  3.0

Action                   |  1- 3 |  4- 6 || total
-------------------------+-------+-------++-------
Melee: Unarmed           |    17 |       ||    17
       Dagger            |   127 |   208 ||   335
       Bite              |    29 |    69 ||    98
       Punch             |     1 |     3 ||     4
Throw: Javelin           |    16 |     7 ||    23
       Throwing net      |     1 |     3 ||     4
       Tomahawk          |       |     2 ||     2
 Stab: Distracted        |     1 |       ||     1
  Eat: Chunk             |     4 |     4 ||     8
Armor: Robe              |    17 |       ||    17
       Leather armour    |    26 |    53 ||    79
Dodge: Dodged            |    87 |   106 ||   193
